[Event "Titled Tuesday Blitz May 30 Late 2023"]
[White "Toncheva, Nadya"]
[Black "Kovacevic, Radmila"]
[WhiteFideId "2924056"]
[BlackFideId "933171"]
[WhiteElo "2101"]
[BlackElo "2194"]
[Result "1-0"]
[Round "06"]
[TimeControl "180+2"]
[Date "2023.05.31"]
[WhiteClock "0:00:09"]
[BlackClock "0:00:04"]

1. e4 e5 2. Nf3 d5 3. exd5 e4 4. Qe2 Nf6 5. d3 Qxd5 6. Nbd2 Be7 7. dxe4 Qd8 8. Nb3 O-O 9. Bd2 Nc6 10. O-O-O Qe8 11. Bc3 a5 12. Kb1 a4 13. Nc1 Be6 14. Ng5 Bb4 15. Bxf6 gxf6 16. Nf3 b5 17. Qe3 Rb8 18. Bd3 Kg7 19. h4 h5 20. e5 Be7 21. exf6+ Bxf6 22. Qe4 Rh8 23. Rhe1 b4 24. Bc4 b3 25. cxb3 axb3 26. Nxb3 Bxc4 27. Qxc4 Ne7 28. Nfd4 Qc8 29. Re3 Rh6 30. Rg3+ Rg6 31. Rxg6+ Nxg6 32. Qc2 Nxh4 33. g3 Ng6 34. Nf5+ Kh7 35. Rh1 h4 36. gxh4 Kg8 37. h5 Ne5 38. Rg1+ Kh8 39. Ne3 c5 40. Nc4 Ng4 41. Nd6 Qe6 42. Nxf7+ Qxf7 43. Rxg4 Qxh5 44. Rg1 Bg7 45. Qe4 Kg8 46. Rh1 Qf7 47. Rc1 c4 48. Qxc4 Qxc4 49. Rxc4 Kf7 50. Rc2 Kg6 51. Re2 Bf6 52. Nc1 Kf7 53. b3 Rb6 54. a4 Rb5 55. axb5 1-0


[Site "https://www.chess.com"]

[Event "Titled Tuesday Blitz May 30 Late 2023"]
[White "Remolar Gallen, Jose"]
[Black "Magallanes, Rey Jomar"]
[WhiteFideId "2215187"]
[BlackFideId "5205948"]
[WhiteElo "2223"]
[BlackElo "2257"]
[Result "0-1"]
[Round "06"]
[TimeControl "180+2"]
[Date "2023.05.31"]
[WhiteClock "0:00:01"]
[BlackClock "0:00:21"]

1. e4 c5 2. Nf3 d6 3. d4 cxd4 4. Nxd4 Nf6 5. Nc3 a6 6. Bg5 e6 7. f4 Be7 8. Qf3 Qc7 9. O-O-O Nbd7 10. g4 h6 11. Bh4 g5 12. fxg5 Ne5 13. Qe2 Nfxg4 14. h3 hxg5 15. Bg3 Nf6 16. Nf3 Nh5 17. Bh2 Nf4 18. Qe3 Nxh3 19. Bxe5 dxe5 20. Rxh3 Rg8 21. Rh5 g4 22. Nxe5 g3 23. Qf3 Bg5+ 24. Rxg5 Rxg5 25. Rd7 Bxd7 26. Qxf7+ Kd8 27. Qf6+ Kc8 28. Qxg5 Be8 29. Qxg3 Kb8 30. Bh3 Ka7 31. Bxe6 Bh5 32. Nd5 Qd6 33. Qf2+ b6 34. Qf6 Rb8 35. Nd7 Re8 36. Bf5 Qxf6 0-1


[Site "https://www.chess.com"]

[Event "Titled Tuesday Blitz May 30 Late 2023"]
[White "Uzcategui Rodriguez, Alejandro"]
[Black "Cardozo Munar, Carlos Eduardo"]
[WhiteFideId "3903400"]
[BlackFideId "4409477"]
[WhiteElo "2252"]
[BlackElo "2067"]
[Result "1/2-1/2"]
[Round "06"]
[TimeControl "180+2"]
[Date "2023.05.31"]
[WhiteClock "0:00:10"]
[BlackClock "0:00:25"]

1. d4 d5 2. Nf3 c6 3. c3 Nf6 4. Bg5 Bf5 5. Nbd2 e6 6. e3 Be7 7. Qb3 Qb6 8. Be2 Nbd7 9. O-O h6 10. Bh4 Qxb3 11. axb3 Ne4 12. Bxe7 Nxd2 13. Nxd2 Kxe7 14. Bf3 Nf6 15. Rfe1 a6 16. e4 dxe4 17. Nxe4 Nxe4 18. Bxe4 Bxe4 19. Rxe4 Kd6 20. Rae1 Rhe8 21. Re5 Re7 22. f4 Rae8 23. Kf2 f6 24. R5e4 e5 25. dxe5+ fxe5 26. Kf3 exf4 27. Rxe7 Rxe7 28. Rxe7 Kxe7 29. Kxf4 Kf6 30. b4 b6 31. h4 g6 32. g3 Ke6 33. Ke4 Kd6 34. g4 Ke6 35. c4 c5 36. bxc5 bxc5 37. b3 a5 38. h5 g5 39. Kd3 Ke5 40. Ke3 Kd6 41. Kf3 Ke5 42. Ke3 Kf6 43. Ke4 Ke6 44. Kd3 Ke5 45. Ke3 1/2-1/2


[Site "https://www.chess.com"]

[Event "Titled Tuesday Blitz May 30 Late 2023"]
[White "Balla, Tamas-Kristof"]
[Black "Osmonbekov, Talaibek"]
[WhiteFideId "1208497"]
[BlackFideId "2017253"]
[WhiteElo "2334"]
[BlackElo "2135"]
[Result "1-0"]
[Round "06"]
[TimeControl "180+2"]
[Date "2023.05.31"]
[WhiteClock "0:00:13"]
[BlackClock "0:00:01"]

1. e4 c5 2. Nf3 d6 3. d4 cxd4 4. Qxd4 Nf6 5. h3 Nc6 6. Qe3 e6 7. c4 Be7 8. Nc3 O-O 9. Be2 Bd7 10. O-O Rc8 11. b3 a6 12. Bb2 Be8 13. Rfd1 Qc7 14. Rac1 Qb8 15. a3 Nd7 16. b4 Nce5 17. Nd2 b6 18. f4 Ng6 19. Qg3 Bf6 20. f5 Be5 21. Qf2 Nf4 22. Nf3 exf5 23. Nxe5 dxe5 24. exf5 Nf6 25. Bf3 Rxc4 26. Ne2 Nxe2+ 27. Qxe2 Rxc1 28. Rxc1 e4 29. Bg4 Bb5 30. Qf2 Nxg4 31. hxg4 Qd6 32. f6 g6 33. Qh4 1-0


[Site "https://www.chess.com"]

[Event "Titled Tuesday Blitz May 30 Late 2023"]
[White "KSho99"]
[Black "Jovic, Stanoje"]
[BlackFideId "905020"]
[WhiteElo "2205"]
[BlackElo "2236"]
[Result "0-1"]
[Round "06"]
[TimeControl "180+2"]
[Date "2023.05.31"]
[WhiteClock "0:00:18"]
[BlackClock "0:00:51"]

1. Nf3 Nf6 2. b3 c5 3. Bb2 d5 4. e3 Nc6 5. Bb5 Bg4 6. h3 Bh5 7. g4 Bg6 8. Ne5 Qb6 9. Bxc6+ bxc6 10. h4 h5 11. Nxg6 fxg6 12. g5 Ne4 13. Nc3 Nd6 14. Na4 Qb5 15. Qe2 c4 16. Nc3 Qa6 17. e4 d4 18. Na4 e5 19. Nc5 Qb5 20. Ne6 Kd7 21. a4 Qa5 22. Nxf8+ Rhxf8 23. bxc4 Rf4 24. f3 Raf8 25. Ra3 Nb7 26. Kd1 Nc5 27. Rh3 Qb4 28. Bc1 Qb1 29. Qd3 Nxd3 0-1


[Site "https://www.chess.com"]

[Event "Titled Tuesday Blitz May 30 Late 2023"]
[White "Kielinkei"]
[Black "zano2023"]
[WhiteElo "2474"]
[BlackElo "2194"]
[Result "1-0"]
[Round "06"]
[TimeControl "180+2"]
[Date "2023.05.31"]
[WhiteClock "0:00:27"]
[BlackClock "0:00:15"]

1. e4 e5 2. Nf3 d6 3. Bc4 Be7 4. O-O Nf6 5. d3 O-O 6. c3 Bg4 7. h3 Bh5 8. Nbd2 c6 9. Qe2 Nbd7 10. Re1 Re8 11. Nf1 d5 12. Bb3 dxe4 13. dxe4 Bxf3 14. Qxf3 Nc5 15. Bc2 Qc7 16. Ng3 g6 17. Bg5 Kg7 18. Rad1 Ne6 19. Be3 Red8 20. Bb3 Nc5 21. Bc4 b5 22. Bb3 a5 23. h4 Nd3 24. Rxd3 Rxd3 25. Bh6+ Kxh6 26. Qxd3 Rd8 27. Qe3+ Kg7 28. h5 h6 29. Bxf7 Kxf7 30. Qxh6 Rg8 31. Re3 Ng4 32. Rf3+ Bf6 33. Qh7+ Rg7 34. hxg6+ Kf8 35. Qh8+ Ke7 36. Nh5 Rxg6 37. Qh7+ Bg7 38. Qxg6 1-0


[Site "https://www.chess.com"]

[Event "Titled Tuesday Blitz May 30 Late 2023"]
[White "Rottenwohrer Suarez, Juan"]
[Black "Fuentes Godoy, Lilia Ivonne"]
[WhiteFideId "32068182"]
[BlackFideId "5104130"]
[WhiteElo "2174"]
[BlackElo "2096"]
[Result "1-0"]
[Round "06"]
[TimeControl "180+2"]
[Date "2023.05.31"]
[WhiteClock "0:00:23"]
[BlackClock "0:00:04"]

1. d4 d5 2. c4 e6 3. Nc3 c6 4. e3 f5 5. Nf3 Nf6 6. a4 Bd6 7. b3 Qe7 8. Nb1 O-O 9. Ba3 Bb4+ 10. Bxb4 Qxb4+ 11. Nbd2 Ne4 12. Qc2 Nd7 13. Be2 e5 14. cxd5 Nxd2 15. Qxd2 Qxb3 16. dxc6 bxc6 17. O-O e4 18. Rfc1 Kh8 19. Bc4 Qb7 20. Rab1 Qc7 21. Ng5 Nb6 22. Ba2 h6 23. Qd1 Qe7 24. Nh3 Bd7 25. a5 Nd5 26. Bxd5 cxd5 27. Nf4 Qg5 28. h4 Qf6 29. Rc7 Be8 30. Rbb7 Rf7 31. Nxd5 Qe6 32. Nf4 Qd6 33. Rxf7 1-0


[Site "https://www.chess.com"]

[Event "Titled Tuesday Blitz May 30 Late 2023"]
[White "Djordjevic, Dejan N"]
[Black "Kokoszczynski, Jan"]
[WhiteFideId "913316"]
[BlackFideId "1174460"]
[WhiteElo "2261"]
[BlackElo "2139"]
[Result "0-1"]
[Round "06"]
[TimeControl "180+2"]
[Date "2023.05.31"]
[WhiteClock "0:00:01"]
[BlackClock "0:00:05"]

1. e4 c5 2. Nc3 Nc6 3. g3 g6 4. Bg2 Bg7 5. Nge2 d6 6. O-O Nf6 7. h3 Rb8 8. f4 h5 9. d3 Nd7 10. Be3 Nd4 11. Rb1 b5 12. Bf2 b4 13. Nd5 e6 14. Ne3 O-O 15. Nxd4 cxd4 16. Nc4 Nb6 17. Nd2 Na4 18. Nb3 Qb6 19. Kh2 Bb7 20. g4 hxg4 21. hxg4 Rbc8 22. Nd2 Qc7 23. Nc4 d5 24. exd5 Bxd5 25. Bxd5 exd5 26. Ne5 Bxe5 27. fxe5 Qxc2 28. Qf3 Nxb2 29. Kg2 Nxd3 30. Rbd1 Rc3 31. Qf6 Nxf2 32. Qxf2 Qxf2+ 33. Rxf2 d3 34. Rf4 Re8 35. Rd4 Rxe5 36. R4xd3 Rxd3 37. Rxd3 a5 38. Kf3 Kg7 39. Rd2 Kf6 40. Rc2 d4 0-1


[Site "https://www.chess.com"]

[Event "Titled Tuesday Blitz May 30 Late 2023"]
[White "Sanhueza, Cristian"]
[Black "rionelG"]
[WhiteFideId "116815"]
[WhiteElo "2174"]
[BlackElo "2183"]
[Result "0-1"]
[Round "06"]
[TimeControl "180+2"]
[Date "2023.05.31"]
[WhiteClock "0:00:05"]
[BlackClock "0:00:09"]

1. e4 c5 2. Nf3 d6 3. d4 cxd4 4. Nxd4 Nf6 5. f3 e5 6. Nb3 d5 7. Bg5 d4 8. c3 Nc6 9. Bb5 Bd7 10. Bxc6 Bxc6 11. cxd4 Bb4+ 12. Nc3 exd4 13. Qxd4 Qxd4 14. Nxd4 Rc8 15. Bd2 Bc5 16. Nxc6 Rxc6 17. Ke2 Ke7 18. Bg5 Ke6 19. Rhd1 h6 20. Be3 Rhc8 21. Bxc5 Rxc5 22. Rac1 b5 23. a3 a5 24. Na2 Nd7 25. b4 axb4 26. axb4 Rc4 27. Rxc4 Rxc4 28. Rc1 Rxc1 29. Nxc1 Ne5 30. Nb3 Nc6 31. Nc5+ Ke5 32. Nd3+ Kd4 33. g4 Kc3 34. e5 Nxb4 35. Nf4 Nc6 36. e6 fxe6 37. Nxe6 Nd4+ 38. Nxd4 Kxd4 39. Kd2 g5 40. f4 gxf4 41. h4 Ke4 42. h5 f3 43. g5 Kf5 44. g6 Kf6 45. Ke3 b4 46. Kxf3 b3 47. Ke3 b2 48. Kd2 b1=Q 0-1


[Site "https://www.chess.com"]

[Event "Titled Tuesday Blitz May 30 Late 2023"]
[White "Curtis, John"]
[Black "Goncalves, Davi Sulzbacher"]
[WhiteFideId "3200256"]
[BlackFideId "2154510"]
[WhiteElo "2203"]
[BlackElo "2182"]
[Result "0-1"]
[Round "06"]
[TimeControl "180+2"]
[Date "2023.05.31"]
[WhiteClock "0:00:01"]
[BlackClock "0:00:05"]

1. e4 c6 2. d4 d5 3. exd5 cxd5 4. c4 Nf6 5. Nc3 g6 6. Nf3 Bg7 7. c5 O-O 8. Bf4 Nc6 9. h3 Ne4 10. Rc1 Re8 11. Bb5 e5 12. dxe5 Nxc3 13. bxc3 Qa5 14. Bxc6 bxc6 15. O-O Ba6 16. Re1 Qxc5 17. Qd2 Bc4 18. Bh6 Bh8 19. Bg5 Re6 20. Bf4 Rae8 21. Nd4 R6e7 22. Nb3 Qb6 23. Be3 Qc7 24. f4 f6 25. exf6 Bxf6 26. Bd4 Re2 27. Rxe2 Rxe2 28. Qd1 Qxf4 29. Qf1 Bxd4+ 30. Nxd4 Rf2 31. Qxf2 Qxc1+ 32. Kh2 Qxc3 33. Ne6 Qe5+ 34. Qf4 Qxe6 35. Qb8+ Kg7 36. Qxa7+ Qf7 37. Qd4+ Qf6 0-1


[Site "https://www.chess.com"]

[Event "Titled Tuesday Blitz May 30 Late 2023"]
[White "Winkels, Marcel"]
[Black "Zaitsev, Alexander"]
[WhiteFideId "1003887"]
[BlackFideId "4164490"]
[WhiteElo "1900"]
[BlackElo "2373"]
[Result "0-1"]
[Round "06"]
[TimeControl "180+2"]
[Date "2023.05.31"]
[WhiteClock "0:00:07"]
[BlackClock "0:00:31"]

1. d4 Nf6 2. Nc3 d5 3. Bf4 c5 4. e4 dxe4 5. dxc5 Qa5 6. Qd2 Nc6 7. Nb5 Qxd2+ 8. Kxd2 Nd5 9. Bg3 a6 10. Nc7+ Nxc7 11. Bxc7 e5 12. Bb6 Be6 13. Ne2 Rc8 14. Nc3 f5 15. f3 exf3 16. gxf3 Nd4 17. f4 Bxc5 18. Bxc5 Rxc5 19. Bg2 e4 20. Rad1 Ke7 21. Kc1 Rd8 22. Rd2 Nc6 23. Rhd1 Rxd2 24. Rxd2 b5 25. a3 a5 26. Bf1 b4 27. axb4 axb4 28. Nb5 g6 29. Nc7 Bf7 30. Nb5 Na5 31. b3 Nxb3+ 32. Kd1 Nxd2 33. Kxd2 Bc4 34. Bxc4 Rxc4 35. Nc7 Rxc7 0-1


[Site "https://www.chess.com"]

[Event "Titled Tuesday Blitz May 30 Late 2023"]
[White "Silva Rosas, Natalia"]
[Black "Ponce Cano, Adrian"]
[WhiteFideId "3000575"]
[BlackFideId "22296913"]
[WhiteElo "1651"]
[BlackElo "2211"]
[Result "0-1"]
[Round "06"]
[TimeControl "180+2"]
[Date "2023.05.31"]
[WhiteClock "0:00:02"]
[BlackClock "0:00:20"]

1. e4 c5 2. Nf3 a6 3. d3 e6 4. g3 d5 5. Nbd2 Nc6 6. Bg2 Nf6 7. O-O Be7 8. Re1 dxe4 9. dxe4 e5 10. c3 Be6 11. b3 O-O 12. Qc2 b5 13. Nf1 Qc7 14. Ng5 Bd7 15. f4 c4 16. fxe5 Nxe5 17. Bf4 Bc5+ 18. Kh1 Nfg4 19. Nh3 Qa7 20. b4 Bb6 21. Re2 Nd3 22. e5 Rad8 23. Bf3 Bf5 24. Be4 Bxe4+ 25. Rxe4 Qa8 26. Qe2 Qxe4+ 27. Qxe4 Ngf2+ 28. Nxf2 Nxf2+ 29. Kg2 Nxe4 30. Re1 Nxc3 31. e6 fxe6 32. Rxe6 Nd5 33. Be5 Rf2+ 0-1


[Site "https://www.chess.com"]

[Event "Titled Tuesday Blitz May 30 Late 2023"]
[White "Odegov, Artem"]
[Black "gao6969"]
[WhiteFideId "34183644"]
[WhiteElo "2300"]
[BlackElo "2365"]
[Result "1/2-1/2"]
[Round "06"]
[TimeControl "180+2"]
[Date "2023.05.31"]
[WhiteClock "0:00:01"]
[BlackClock "0:00:06"]

1. e4 Na6 2. Nc3 c6 3. Nf3 Nc7 4. d4 d5 5. e5 Bf5 6. h4 h5 7. Be3 e6 8. Bd3 Ne7 9. Ng5 Bxd3 10. Qxd3 Nf5 11. O-O-O a6 12. Rh3 Be7 13. f4 Nb5 14. Na4 Qa5 15. b3 Na3 16. Bd2 Qc7 17. Kb2 b5 18. Nc5 Qa7 19. Kxa3 Nxd4 20. Kb2 Bxc5 21. Be3 Nf5 22. Bxc5 Qxc5 23. Qc3 Qxc3+ 24. Rxc3 Rc8 25. g3 Ke7 26. a4 Rc7 27. axb5 axb5 28. Ra1 b4 29. Rc5 Nxg3 30. Rxc6 Rxc6 31. Ra7+ Kd8 32. Ra8+ Rc8 33. Nxf7+ Kd7 34. Ra7+ Rc7 35. Rxc7+ Kxc7 36. Nxh8 Ne2 37. Ng6 Kd7 38. c4 bxc3+ 39. Kc2 d4 40. Kd3 Nc1+ 41. Kc2 Ne2 42. Kd3 Ng3 43. b4 Nf5 44. b5 Kc7 45. Nf8 Kb6 46. Nxe6 Kxb5 47. Nc7+ Kb4 48. Na6+ Kb3 49. Nc5+ Kb2 50. Ke4 c2 51. Kxf5 Kc3 52. Na4+ Kb4 53. Nb2 Kc3 54. Na4+ Kd2 55. Nc5 Kc3 56. Ne4+ Kc4 57. Nd2+ Kb4 58. e6 c1=Q 59. e7 Qc8+ 60. Ke5 Qe8 61. Ke6 Kc3 62. Ne4+ Kc2 63. Nd6 Qc6 64. e8=Q Qxe8+ 65. Nxe8 d3 66. Nd6 d2 67. Nc4 Kd3 68. Nxd2 Kxd2 69. Kf5 Ke3 70. Kg5 Ke4 71. f5 Ke5 72. Kg6 Kf4 73. Kxh5 Kxf5 1/2-1/2


[Site "https://www.chess.com"]

[Event "Titled Tuesday Blitz May 30 Late 2023"]
[White "Wizard_of_Odds"]
[Black "Prieto Aranguren, Alain"]
[BlackFideId "2268906"]
[WhiteElo "2424"]
[BlackElo "2209"]
[Result "1-0"]
[Round "06"]
[TimeControl "180+2"]
[Date "2023.05.31"]
[WhiteClock "0:00:04"]
[BlackClock "0:00:03"]

1. d4 Nf6 2. Nf3 g6 3. b3 Bg7 4. Bb2 O-O 5. Nbd2 c5 6. dxc5 Na6 7. Bd4 Qc7 8. e4 Nxc5 9. Bd3 d6 10. O-O Bd7 11. Re1 Rac8 12. Bf1 Bc6 13. e5 Ng4 14. exd6 Qxd6 15. Nc4 Qb8 16. Nfe5 Nxe5 17. Nxe5 Rfd8 18. Qg4 Ne6 19. Nxc6 Rxc6 20. Bxg7 Kxg7 21. c4 Rcd6 22. g3 Rd2 23. Rxe6 fxe6 24. Qxe6 Qd6 25. Qe3 Qf6 26. Re1 R8d7 27. Bh3 R7d6 28. Qxe7+ Qxe7 29. Rxe7+ Kf6 30. Rxb7 Rxa2 31. Rd7 Rxd7 32. Bxd7 a5 33. Kg2 Ke5 34. Kf3 Kd4 35. h4 Rb2 36. Ba4 Rd2 37. g4 Rb2 38. Kg3 Kc3 39. c5 Kb4 40. c6 Rc2 41. g5 Kc5 42. f4 Kd4 43. Kg4 1-0


[Site "https://www.chess.com"]

[Event "Titled Tuesday Blitz May 30 Late 2023"]
[White "lluiss"]
[Black "Tarasova, Viktoriya"]
[BlackFideId "4175840"]
[WhiteElo "2299"]
[BlackElo "2182"]
[Result "1-0"]
[Round "06"]
[TimeControl "180+2"]
[Date "2023.05.31"]
[WhiteClock "0:00:17"]
[BlackClock "0:00:29"]

1. Nf3 Nf6 2. d4 e6 3. Bf4 d5 4. e3 c5 5. c3 Bd6 6. Bxd6 Qxd6 7. Nbd2 O-O 8. Ne5 Nc6 9. f4 Ne4 10. Bd3 Nxd2 11. Qxd2 f6 12. Nxc6 bxc6 13. Qc2 f5 14. O-O Bd7 15. b3 Rfc8 16. c4 cxd4 17. exd4 c5 18. dxc5 Qxc5+ 19. Qf2 Qxf2+ 20. Kxf2 Kf7 21. Rfe1 Bc6 22. cxd5 Bxd5 23. Rac1 g6 24. g3 Ke7 25. Ke3 Kd6 26. Red1 Rxc1 27. Rxc1 Bb7 28. Rd1 Ke7 29. Bc4 Rc8 30. Rd3 Be4 31. Rd2 Rc5 32. Kd4 Rc8 33. b4 Rd8+ 34. Kc3 Rc8 35. Kb3 Rb8 36. a3 h5 37. h4 Rc8 38. Rd4 Rb8 39. a4 Rb7 40. b5 Rd7 41. Rxd7+ Kxd7 42. Kc3 Kd6 43. Kd4 Bf3 44. a5 Bg2 45. b6 axb6 46. axb6 Bb7 47. Bb5 Ke7 48. Ke5 1-0


[Site "https://www.chess.com"]

[Event "Titled Tuesday Blitz May 30 Late 2023"]
[White "micke12a"]
[Black "Kornyukov, Alexey"]
[BlackFideId "4150457"]
[WhiteElo "2395"]
[BlackElo "2352"]
[Result "1-0"]
[Round "06"]
[TimeControl "180+2"]
[Date "2023.05.31"]
[WhiteClock "0:01:30"]
[BlackClock "0:00:02"]

1. e4 c5 2. Nf3 Nc6 3. d4 cxd4 4. Nxd4 Nf6 5. Nc3 e5 6. Ndb5 d6 7. Bg5 a6 8. Na3 b5 9. Nd5 Be7 10. Bxf6 Bxf6 11. c4 bxc4 12. Nxc4 O-O 13. Be2 Nd4 14. O-O Bb7 15. Nc3 Rc8 16. b3 Bg5 17. Bf3 f5 18. Nd5 Nxf3+ 19. Qxf3 fxe4 20. Qxe4 Rf4 21. Nf6+ Bxf6 22. Qxb7 d5 23. Nb6 Rb8 24. Qxd5+ Qxd5 25. Nxd5 Rd4 26. Ne3 Kf7 27. Rac1 Rb7 28. Rc2 a5 29. Rc4 a4 30. bxa4 Ra7 31. Rfc1 Rxa4 32. Rxa4 Rxa4 33. Rc2 Ke6 34. g3 Bg5 35. Nc4 1-0


[Site "https://www.chess.com"]

[Event "Titled Tuesday Blitz May 30 Late 2023"]
[White "Florianovitz, Derlei Alex"]
[Black "Prydun, Andriy"]
[WhiteFideId "2114178"]
[BlackFideId "14145898"]
[WhiteElo "1953"]
[BlackElo "2164"]
[Result "1-0"]
[Round "06"]
[TimeControl "180+2"]
[Date "2023.05.31"]
[WhiteClock "0:00:13"]
[BlackClock "0:00:03"]

1. e4 e6 2. d4 d5 3. e5 c5 4. c3 Nc6 5. Nf3 a5 6. a3 a4 7. Bb5 Qa5 8. Bxc6+ bxc6 9. O-O Ne7 10. h3 Ba6 11. Re1 Nc8 12. Nbd2 Nb6 13. Ng5 Ra7 14. Qh5 cxd4 15. cxd4 c5 16. dxc5 Bxc5 17. Nxe6 g6 18. Ng7+ Kf8 19. Qh6 Kg8 20. e6 Bf8 21. exf7+ Rxf7 22. Re8 Rxg7 23. Nf3 Qb5 24. Rb8 Bc8 25. Bf4 Rb7 26. Qg5 Rxb8 27. Bxb8 Qxb2 28. Re1 Bd7 29. Bc7 Bc6 30. Be5 Qxa3 31. Bxh8 Kxh8 32. Qf6+ Kg8 33. Ng5 Qd6 34. Qf7+ Kh8 35. Qxh7# 1-0


[Site "https://www.chess.com"]

[Event "Titled Tuesday Blitz May 30 Late 2023"]
[White "Torres Dominguez, David"]
[Black "K2JW"]
[WhiteFideId "2220857"]
[WhiteElo "1999"]
[BlackElo "2363"]
[Result "1-0"]
[Round "06"]
[TimeControl "180+2"]
[Date "2023.05.31"]
[WhiteClock "0:00:52"]
[BlackClock "0:00:09"]

1. e4 c5 2. Nc3 d6 3. Bb5+ Bd7 4. Bxd7+ Nxd7 5. Nf3 g6 6. d4 cxd4 7. Qxd4 Ngf6 8. O-O Bg7 9. a4 O-O 10. h3 Nb6 11. Qb4 Qc7 12. a5 Qc4 13. Ra4 Qxb4 14. Rxb4 Nbd7 15. Rxb7 Rab8 16. Rxa7 Rfc8 17. Rd1 Kf8 18. g4 Nc5 19. Nd5 Nxd5 20. exd5 Bxb2 21. Bh6+ Ke8 22. Re1 Nd7 23. Bf4 Kd8 24. Ng5 Rxc2 25. Nxf7+ Kc8 26. Rxe7 Bd4 27. Re8# 1-0


[Site "https://www.chess.com"]

[Event "Titled Tuesday Blitz May 30 Late 2023"]
[White "OPQRC"]
[Black "Delorme, Alban"]
[BlackFideId "623636"]
[WhiteElo "2557"]
[BlackElo "2196"]
[Result "1-0"]
[Round "06"]
[TimeControl "180+2"]
[Date "2023.05.31"]
[WhiteClock "0:01:30"]
[BlackClock "0:01:40"]

1. e4 c5 2. Nf3 d6 3. d4 cxd4 4. Nxd4 Nf6 5. Nc3 a6 6. Bg5 e6 7. f4 Be7 8. Qf3 Qc7 9. O-O-O Nbd7 10. Bd3 b5 11. Rhe1 Bb7 12. Qg3 b4 13. Nd5 exd5 14. exd5 Bxd5 15. Nf5 Be6 16. Nxg7+ Kd8 17. Rxe6 Rg8 18. Rxe7 Rxg7 19. Rxd7+ Kxd7 20. Qh3+ Kc6 21. Bxf6 Rgg8 22. Be4+ Kb6 23. Bd4+ Ka5 1-0


[Site "https://www.chess.com"]

[Event "Titled Tuesday Blitz May 30 Late 2023"]
[White "Womacka, Mathias"]
[Black "The_Straightforward_Rook"]
[WhiteFideId "4611390"]
[WhiteElo "2377"]
[BlackElo "2276"]
[Result "1-0"]
[Round "06"]
[TimeControl "180+2"]
[Date "2023.05.31"]
[WhiteClock "0:00:23"]
[BlackClock "0:00:32"]

1. e4 c5 2. Nf3 Nc6 3. d4 cxd4 4. Nxd4 e5 5. Nb5 d6 6. c4 Be7 7. N1c3 a6 8. Na3 f5 9. exf5 Bxf5 10. Bd3 Be6 11. O-O Nf6 12. Nc2 O-O 13. Ne3 Kh8 14. Ne4 Nxe4 15. Bxe4 Qe8 16. Qd3 h6 17. Nd5 Bxd5 18. cxd5 Nd4 19. Be3 Bf6 20. Bxd4 exd4 21. g3 Rc8 22. Rfe1 Qb5 23. Qf3 Be5 24. Qg4 Kg8 25. Qe6+ Kh8 26. Qg6 Kg8 27. Qh7+ Kf7 28. Bg6+ Kf6 29. Bh5 Rce8 30. f4 Qxd5 31. Qg6+ Ke7 32. fxe5 dxe5 33. Qxg7+ Kd8 34. Bxe8 Rxe8 35. Rac1 1-0


[Site "https://www.chess.com"]

[Event "Titled Tuesday Blitz May 30 Late 2023"]
[White "KVAIDAN"]
[Black "Goffredo_Fofi"]
[WhiteElo "2285"]
[BlackElo "2448"]
[Result "0-1"]
[Round "06"]
[TimeControl "180+2"]
[Date "2023.05.31"]
[WhiteClock "0:00:23"]
[BlackClock "0:00:08"]

1. b3 g6 2. Bb2 Nf6 3. Bxf6 exf6 4. c4 d5 5. cxd5 Qxd5 6. Nc3 Qa5 7. a3 c6 8. g3 Be6 9. Bg2 Nd7 10. Nf3 Qh5 11. O-O Be7 12. Re1 O-O 13. Nd4 Bh3 14. Bh1 Rad8 15. e3 Qxd1 16. Rexd1 Nc5 17. b4 Nd3 18. Nce2 Bg4 19. f3 Bc8 20. Nf4 Nxf4 21. gxf4 c5 22. bxc5 Bxc5 23. Nb3 Bb6 24. d4 Be6 25. Nd2 f5 26. a4 Ba5 27. Nf1 Rc8 28. e4 Rc3 29. d5 Bd7 30. e5 Rfc8 31. Bg2 R8c4 32. Ng3 Rc2 33. Rab1 Bb6+ 34. Kh1 Bxa4 35. d6 Bd7 36. Bf1 Rxf4 37. Bb5 Bxb5 38. Rxb5 Rc8 39. Kg2 Rfc4 40. Rbd5 Rc2+ 41. Kh3 Rd8 42. Nf1 Kf8 43. Nd2 Rc3 44. Kg2 Rc2 45. Kh3 Ke8 46. Nb3 Rc3 47. Na5 Bxa5 48. Rxa5 a6 49. Kg3 Kd7 50. Rb1 Kc8 51. h4 Rc6 52. Kf4 f6 53. Rd5 fxe5+ 54. Kxe5 b5 55. Ke6 Re8+ 56. Kf7 Kd7 57. Kg7 Rxd6 58. Rxd6+ Kxd6 59. Kxh7 Re6 60. Ra1 Kc5 61. Rc1+ Kb4 62. Rc8 a5 63. f4 a4 64. Ra8 a3 65. Kg7 Kb3 66. Kf7 Rc6 67. Rd8 a2 68. Rd3+ Kb2 69. Rf3 a1=Q 70. Rf2+ Kb3 71. Rf3+ Kb4 72. Rg3 Qf6+ 73. Kg8 Rc8+ 74. Kh7 Rh8# 0-1


[Site "https://www.chess.com"]

[Event "Titled Tuesday Blitz May 30 Late 2023"]
[White "Wang, Alexander J"]
[Black "LangesNasenhaar"]
[WhiteFideId "30955270"]
[WhiteElo "2264"]
[BlackElo "2444"]
[Result "0-1"]
[Round "06"]
[TimeControl "180+2"]
[Date "2023.05.31"]
[WhiteClock "0:00:07"]
[BlackClock "0:00:09"]

1. e4 d6 2. d4 Nf6 3. Nc3 Nbd7 4. Nf3 e5 5. dxe5 dxe5 6. Bc4 Be7 7. Bg5 c6 8. Bxf6 Bxf6 9. O-O b5 10. Bb3 O-O 11. Qd6 Qb6 12. a4 b4 13. Na2 a5 14. Rad1 Nc5 15. Nxe5 Nxb3 16. cxb3 Be6 17. Nc1 Rfc8 18. Nd7 Bxd7 19. Qxd7 Bxb2 20. Nd3 Rd8 21. Qf5 Bd4 22. Ne5 Qc7 23. Nf3 Bc3 24. Ng5 g6 25. Qh3 h5 26. Nf3 Rxd1 27. Rxd1 Rd8 28. Rf1 Bg7 29. Ng5 Qe5 30. Qe3 Qc3 31. Qf4 Qf6 32. Qe3 Bh6 33. f4 Bxg5 34. fxg5 Qd4 35. Qxd4 Rxd4 36. Rc1 Rxe4 37. Rxc6 Re3 38. Rc5 Rxb3 39. Rxa5 Rb1+ 40. Kf2 Rb2+ 41. Kf3 Rb3+ 42. Kf2 Ra3 43. Ra8+ Kg7 44. a5 b3 45. Rb8 Rxa5 46. Rxb3 Rxg5 47. g3 Rc5 48. Kg2 g5 49. Rf3 Kg6 50. Ra3 f6 51. Ra6 Rc3 52. Ra5 g4 53. Ra8 Rc2+ 54. Kf1 h4 55. Kg1 h3 56. Ra4 f5 57. Rf4 Rg2+ 58. Kh1 Kf6 59. Ra4 Rf2 60. Kg1 Rf3 61. Ra6+ Kg5 62. Ra4 Re3 63. Kf2 Rc3 64. Kg1 Rc2 65. Rf4 Kf6 66. Rf2 Rxf2 67. Kxf2 Ke6 68. Ke3 Ke5 69. Ke2 Ke4 70. Kf2 Kd3 71. Kf1 Ke3 72. Ke1 f4 73. gxf4 g3 74. hxg3 h2 75. Kd1 h1=Q+ 76. Kc2 Qe4+ 77. Kc3 Qf3 78. Kc4 Qxg3 79. Kc5 Qxf4 80. Kd5 Qd4+ 81. Ke6 Ke4 0-1


[Site "https://www.chess.com"]

[Event "Titled Tuesday Blitz May 30 Late 2023"]
[White "Harish, Neeraj"]
[Black "Petrovic, Aleksa"]
[WhiteFideId "30958130"]
[BlackFideId "967629"]
[WhiteElo "1879"]
[BlackElo "2309"]
[Result "0-1"]
[Round "06"]
[TimeControl "180+2"]
[Date "2023.05.31"]
[WhiteClock "0:00:03"]
[BlackClock "0:00:11"]

1. e4 d5 2. exd5 Qxd5 3. Nc3 Qe5+ 4. Be2 Bg4 5. d4 Bxe2 6. Ngxe2 Qa5 7. O-O Nf6 8. Bf4 e6 9. Re1 c6 10. Ng3 Be7 11. Nce4 Nxe4 12. Nxe4 O-O 13. c4 Nd7 14. c5 Nf6 15. Nd6 b6 16. Qc2 Nd5 17. Bg3 bxc5 18. dxc5 Bf6 19. a3 g6 20. Rad1 Qd8 21. b4 Qd7 22. h4 h5 23. Qc4 a6 24. Be5 Bxe5 25. Rxe5 Qe7 26. Rde1 Qf6 27. g3 Rfb8 28. Kg2 a5 29. Rg5 axb4 30. Ne4 Qe7 31. Qe2 bxa3 32. Qxh5 a2 33. Rxg6+ fxg6 34. Qxg6+ Qg7 35. Qxe6+ Qf7 36. Qg4+ Qg7 37. Qe6+ Kh8 38. Nd6 Rf8 39. Re5 Qxe5 40. Qxe5+ Rf6 41. Qh5+ Kg8 42. Qg4+ Kf8 0-1


[Site "https://www.chess.com"]